Unix NetHack Version 5.0.0-0 post-release - last build May 10 2026 23:12:36 (d1fa5d53e341ca933230fdaa984d921c805b60aa,branch:main).

Game began 2026-05-15 20:08:30, ended 2026-05-17 03:47:49.

BaeHund, lawful male human Caveman

                                   ---------
                                   |.......|
                                   |...S.a.|5
                                  5|...@@aa|
                                 11|aQa'eq_|
                                   |.Dqz@@a|13
                                   ----t----23
                                   5535@145133
                                   4.1.a3434
                                   ----'-
                                     1551.1
                                    55.1435
                              ...| 15 4t.4 1
                              ...--   .e..
                               ...--  .&..
                              .....----|-
                              .....% ..%.
                              -----------
BaeHund the Roamer       St:25 Dx:17 Co:18 In:13 Wi:20 Ch:8  Lawful
Astral Plane $:2  HP:156(229) Pw:75(75) AC:-38 Xp:19 T:31746 

Latest messages:
 The fire ant turns to flee.
 The giant beetle turns to flee.
 Pick a monster, object or location.
 The soldier ant turns to flee.
 You hear a chugging sound.
 Pick a monster, object or location.
 Pick a monster, object or location.
 Automatic description is off.
 Move cursor to a monster, object or location:
 #mama, we made it: unknown extended command.
 Talk to whom? (in what direction) h
 The high priest of Anu gives you two bits for an ale.
 The soldier ant turns to flee.
 You hear Jon the Robber reading a scroll of create monster.
 A glass golem suddenly appears close by!
 A titanothere suddenly appears close by!
 A green dragon suddenly appears close by!
 A nurse suddenly appears next to you!
 A stone golem suddenly appears next to you!
 A quantum mechanic suddenly appears next to you!
 A flaming sphere suddenly appears next to you!
 You hear an Angel of Moloch reading a scroll of create monster.
 The flaming sphere turns to flee.
 The quantum mechanic turns to flee.
 The stone golem turns to flee.
 The green dragon bites the quantum mechanic.
 The green dragon hits the quantum mechanic.
 The green dragon hits the quantum mechanic.
 You hear Jon the Robber reading a scroll of create monster.
 A lurker above suddenly appears close by!
 A zruty suddenly appears close by!
 An elf-lord suddenly appears close by!
 An altar suddenly appears close by!
 A wumpus suddenly appears close by!
 A trapper suddenly appears!
 The pit viper turns to flee.
 You hear a chugging sound.
 Pick a monster, object or location.
 What do you want to sacrifice? [L or ?*] ?
 You offer the Amulet of Yendor to Anu...
 An invisible choir sings, and you are bathed in radiance...
 The voice of Anu booms out: "Mortal, thou hast done well!"
 "In return for thy service, I grant thee the gift of Immortality!"
 You ascend to the status of Demigod...
 Do you want your possessions identified? [ynq] (y) y
 Do you want to see your attributes? [ynq] (y) y
 Do you want an account of creatures vanquished? [ynaq] (y) y
 Do you want a list of species genocided and extinct? [ynaq] (y) y
 Do you want to see your conduct and achievements? [ynq] (y) y
 Do you want to see the dungeon overview? [ynq] (y) y

Inventory:
 Coins    ('$')
  $ - 2 gold pieces
 Amulets  ('"')
  M - a blessed amulet of life saving
  g - an uncursed amulet of life saving (being worn)
  H - an uncursed amulet of magical breathing
 Weapons  (')')
  Q - the blessed rustproof +7 Sceptre of Might (weapon in right hand)
  U - the blessed rustproof +7 Trollsbane (alternate weapon; not wielded)
 Armor    ('[')
  h - a blessed greased tempered +4 helm of brilliance (being worn)
  m - an uncursed thoroughly rusty +4 pair of gauntlets of power (being worn)
  W - an uncursed fireproof +4 pair of water walking boots (being worn)
  c - a blessed +4 shield of reflection (being worn)
  C - a blessed thoroughly burnt +1 cloak of magic resistance (being worn)
  t - a blessed +4 Hawaiian shirt with a hibiscus flower motif (being worn)
  u - a blessed +4 blue dragon scale mail (being worn)
 Comestibles  ('%')
  X - an uncursed food ration
 Spellbooks  ('+')
  A - the uncursed Book of the Dead
 Rings    ('=')
  O - an uncursed ring of free action (on left hand)
  R - an uncursed +1 ring of gain constitution
  B - an uncursed ring of levitation
  n - an uncursed +1 ring of protection (on right hand)
  v - an uncursed ring of slow digestion
  Y - a cursed ring of teleport control
 Wands    ('/')
  a - a wand of teleportation (0:4)
 Tools    ('(')
  b - a blessed bag of holding containing 107 items
  i - the Bell of Opening (0:2)
  l - the uncursed Candelabrum of Invocation (0 of 7 candles attached)
  z - an uncursed wet towel
  s - a blessed +0 unicorn horn
 Gems/Stones  ('*')
  F - a blessed luckstone

Contents of the bag of holding:
  the blessed +6 Demonbane
  an uncursed thoroughly burnt +0 pair of speed boots
  an uncursed +0 cloak of displacement
  an uncursed +0 cloak of protection
  a blessed +0 oilskin cloak
  a blessed rotproof +3 gray dragon scale mail
  an uncursed +0 set of red dragon scales
  an uncursed clove of garlic
  18 uncursed food rations
  an uncursed fortune cookie
  an uncursed orange
  an uncursed sprig of wolfsbane
  an uncursed lizard corpse
  a blessed scroll of blank paper
  4 blessed scrolls of blank paper
  a blessed scroll of blank paper
  3 uncursed scrolls of blank paper
  an uncursed scroll of blank paper
  an uncursed scroll of blank paper
  an uncursed scroll of blank paper
  2 uncursed scrolls of blank paper
  an uncursed scroll of blank paper
  a cursed scroll of blank paper
  a cursed scroll of blank paper
  a cursed scroll of blank paper
  a cursed scroll of blank paper
  a blessed scroll of create monster
  5 uncursed scrolls of enchant weapon
  an uncursed scroll of food detection
  an uncursed potion of acid
  an uncursed diluted potion of blindness
  an uncursed diluted potion of booze
  an uncursed diluted potion of confusion
  an uncursed diluted potion of extra healing
  an uncursed potion of oil
  a cursed diluted potion of oil
  2 cursed diluted potions of restore ability
  4 potions of holy water
  an uncursed potion of water
  an uncursed potion of water
  an uncursed potion of water
  an uncursed potion of water
  an uncursed potion of water
  a blessed +1 ring of increase damage
  an uncursed +1 ring of increase damage
  an uncursed ring of invisibility
  an uncursed ring of polymorph control
  an uncursed ring of protection from shape changers
  an uncursed ring of see invisible
  an uncursed ring of sustain ability
  an uncursed ring of warning
  a wand of cold (0:8)
  a wand of create monster (0:15)
  a wand of create monster (0:14)
  a wand of create monster (0:13)
  a wand of create monster (0:12)
  a wand of create monster (0:11)
  a wand of create monster (0:11)
  a wand of create monster (0:10)
  a wand of create monster (0:5)
  a wand of create monster (0:0)
  a cursed wand of create monster (0:11)
  a cursed wand of create monster (0:0)
  a blessed wand of death (0:0)
  a wand of death (0:0)
  a wand of death (0:0)
  a wand of digging (0:6)
  a wand of digging (0:4)
  a wand of digging (0:2)
  a wand of fire (0:6)
  a wand of fire (0:6)
  a wand of fire (0:6)
  a wand of fire (0:6)
  a wand of fire (0:5)
  a wand of lightning (0:8)
  a wand of lightning (0:6)
  a wand of lightning (0:5)
  a wand of lightning (0:4)
  a wand of lightning (0:2)
  a wand of magic missile (0:5)
  a wand of magic missile (0:2)
  a cursed wand of make invisible (0:7)
  a wand of opening (0:7)
  a wand of polymorph (0:4)
  a wand of secret door detection (0:12)
  a wand of sleep (0:5)
  a blessed wand of slow monster (0:5)
  a wand of speed monster (0:6)
  a wand of striking (0:3)
  a wand of striking (0:3)
  a wand of striking (0:3)
  a wand of striking (0:3)
  a wand of striking (0:0)
  a cursed wand of striking (0:5)
  a wand of undead turning (0:5)
  a can of grease (0:5)
  a blessed magic marker (0:0)
  a blessed magic marker (0:0)
  a cursed magic marker (0:0)
  an uncursed magic whistle
  a cursed skeleton key
  3 uncursed amethyst stones
  4 uncursed black opals
  an uncursed jade stone
  3 uncursed sapphires
  an uncursed topaz stone
  a blessed touchstone

BaeHund the Caveman's attributes:

Background:
 You were a Roamer, a level 19 human Caveman.
 You were lawful, on a mission for Anu
 who was opposed by Ishtar (neutral) and Anshar (chaotic).
 You were right-handed.
 You were in the endgame, on the Astral Plane.
 You entered the dungeon 31746 turns ago.
 It was nighttime.
 There was a new moon in effect when your adventure ended.
 You had 2633230 experience points, 2486770 more were needed for level 20.

Basics:
 You had 156 out of 229 hit points.
 You had all 75 energy points (spell power).
 Your armor class was -38.
 Your wallet contained 2 zorkmids.
 Autopickup was off.

Final Characteristics:
 Your strength was 25 (base:18/19, innate limit:18/100).
 Your dexterity was 17 (limit:18).
 Your constitution was 18 (limit:18).
 Your intelligence was 13 (base:9, limit:18).
 Your wisdom was 20 (base:16, innate limit:18).
 Your charisma was 8 (limit:18).

Final Status:
 You weren't hungry.
 You were unencumbered.
 You were wielding a mace.
 You had expert skill with mace.

Final Attributes:
 You were piously aligned.
 You were magic-protected.
 You were fire resistant.
 You were cold resistant.
 You were sleep resistant.
 You were disintegration resistant.
 You were shock resistant.
 Your items were protected from electric shocks.
 You were poison resistant.
 You saw invisible.
 You were telepathic.
 You were warned.
 You were invisible to others.
 You caused conflict.
 You could walk on water.
 You had a moderate defense bonus (+10).
 You were guarded.
 You were very fast.
 You had reflection.
 You had free action.
 Your life would have been saved.
 You were very lucky.
 You had extra luck.
 Good luck did not time out for you.
 You survived after being killed once.

Miscellaneous:
 You didn't encounter any bones levels.
 Total elapsed playing time was 15 hours, 52 minutes and 45 seconds.

Major events:
 Turn
    1: BaeHund the lawful human Caveman entered the dungeon
  947: attained the rank of Aborigine (level 3)
 1499: entered the Gnomish Mines
 1976: reached Mine Town
 1996: attained the rank of Wanderer (level 6)
 2357: was bestowed with Demonbane by Anu
 3273: was bestowed with Trollsbane by Anu
 3359: entered Sokoban
 4965: made his first wish - "blessed fixed +3 grey dragon scale mail", got "a gray dragon scale mail"
 5020: wished for "blessed fixed +3 shield of reflection", got "a polished silver shield"
 6739: completed 1st Sokoban level
 6938: completed 2nd Sokoban level
 7224: completed 3rd Sokoban level
 7845: completed 4th Sokoban level
 7955: attained the rank of Vagrant (level 10)
 7992: acquired the Sokoban bag of holding
13083: performed his first genocide (class h)
13206: attained the rank of Wayfarer (level 14)
14116: killed Croesus
14934: entered Home 1, the Quest
15268: Shaman Karnov has granted access to proceed deeper into the quest
15353: entered Home 2, the Quest
15589: entered Home 3, the Quest
15755: averted death (killed by a frost giant)
15955: entered Home 4, the Quest
16153: entered Home 5, the Quest
16418: entered Home 6, the Quest
16495: found the Sceptre of Might on the floor
16530: killed the Chromatic Dragon
16532: acquired the Bell of Opening
17038: genocided class L
17421: genocided class R
18132: killed Medusa
18626: wished for "blessed magic marker", got "a magic marker"
18692: wished for "blessed fixed +3 helm of brilliance", got "a crystal helmet"
18993: entered Gehennom
20046: killed Asmodeus
20406: killed Juiblex
21866: killed Baalzebub
22442: killed Orcus
26335: destroyed Vlad the Impaler
26336: acquired the Candelabrum of Invocation
26673: wished for "cursed magic marker", got "a magic marker"
27585: attained the rank of Roamer (level 18)
27620: wished for "blessed magic marker", got "a magic marker"
29249: killed the Wizard of Yendor
29263: acquired the Book of the Dead
29426: performed the invocation
29433: killed the Wizard of Yendor (2nd time)
29668: killed Yeenoghu
29805: killed the high priest of Moloch
29807: acquired The Amulet of Yendor
29807: wished for "blessed amulet of life saving", got "an amulet of life saving"
30306: killed the Wizard of Yendor (3rd time)
31318: entered the Elemental Planes
31318: entered Plane of Earth
31399: entered Plane of Air
31408: killed the Wizard of Yendor (5th time)
31459: entered Plane of Fire
31494: entered Plane of Water
31712: entered the Astral Plane
31729: killed Death
31746: ascended

Spells:
 Name                 Level Category     Fail Retention
 slow monster           2   enchantment  100%    (gone)
 protection             1   clerical     100%    1%-25%
 cure blindness         2   healing      100%   26%-50%
 confuse monster        1   enchantment  100%   26%-50%
 restore ability        4   healing      100%  76%-100%

Skills:
 Fighting Skills
   bare handed combat [Basic]
 Weapon Skills
   dagger             [Unskilled]
   knife              [Unskilled]
   axe                [Unskilled]
   pick-axe           [Unskilled]
   club               [Basic]
   mace               [Expert]
   morning star       [Basic]
   flail              [Unskilled]
   hammer             [Unskilled]
   quarterstaff       [Unskilled]
   polearms           [Unskilled]
   spear              [Unskilled]
   trident            [Unskilled]
   bow                [Unskilled]
   sling              [Basic]
   boomerang          [Unskilled]
   unicorn horn       [Unskilled]
 Spellcasting Skills
   attack spells      [Unskilled]
   matter spells      [Unskilled]

Voluntary challenges:
 Character rerolling was not enabled.
 You genocided 13 types of monsters.
 You never changed form.
 You used 7 wishes.
 You did not wish for any artifacts.
 You violated the special Sokoban rules once.
Achievements:
 You entered a shop.
 You attained the rank of Aborigine.
 You entered the Gnomish Mines.
 You entered Minetown.
 You entered a temple.
 You attained the rank of Wanderer.
 You entered Sokoban.
 You attained the rank of Vagrant.
 You completed Sokoban.
 You attained the rank of Wayfarer.
 You had the Bell of Opening.
 You defeated Medusa.
 You entered Gehennom.
 You had the Candelabrum of Invocation.
 You attained the rank of Roamer.
 You had the Book of the Dead.
 You gained access to Moloch's Sanctum.
 You reached the Elemental Planes.
 You reached the Astral Plane.
 You delivered the Amulet of Yendor.
 You ascended!

 The Elemental Planes:
    Astral Plane: <- You are here.
       A temple and some altars.
    Plane of Water:
    Plane of Fire:
    Plane of Air:
    Plane of Earth:
 The Dungeons of Doom: levels 1 to 25
    Level 1:
       A sink.
       One way stairs up to The Elemental Planes.
    Level 2:
       An armor shop.
    Level 3:
       A fountain, a grave.
    Level 4:
       A sink.
       Stairs down to The Gnomish Mines.
    Level 5:
       Many fountains.
    Level 6:
       A grave.
    Level 7:
    Level 8:
       Many fountains.
       Oracle of Delphi.
    Level 9:
       A general store, an altar to Anu.
       Stairs up to Sokoban, level 8.
    Level 10:
       A sink.
    Level 11:
       A fountain, a grave.
       Portal to Fort Ludios.
    Level 12:
    Level 13:
    Level 14:
       Portal to The Quest.
    Level 15:
    Level 16:
       A primitive area.
    Level 17:
    Level 18:
    Level 19:
       A ring shop, a fountain.
    Level 20:
       Some fountains, a sink.
    Level 21:
       A temple and an altar, a fountain, a grave.
    Level 22:
       A fountain.
    Level 23:
       Some fountains, many trees.
    Level 24:
       A sink.
    Level 25:
       A fountain.
       Connection to Gehennom.
 Gehennom: levels 26 to 47
    Level 26:
       A temple and an altar, many graves.
       Valley of the Dead.
    Level 27:
    Level 28:
    Level 29:
       A fountain.
    Level 30:
    Level 31:
    Level 32:
    Level 33:
    Level 34:
    Level 35:
    Level 36:
    Level 37:
       Some shops, an altar, some graves.
    Level 38:
       Stairs up to Vlad's Tower, level 37.
    Level 39:
    Level 40:
    Level 41:
    Level 42:
    Level 43:
    Level 44:
    Level 45:
    Level 46:
    Level 47:
       A temple and an altar, many graves.
       Moloch's Sanctum.
 The Gnomish Mines: levels 5 to 13
    Level 5:
    Level 6:
    Level 7:
       Many shops, a temple and an altar to Anu, some fountains.
    Level 8:
    Level 9:
    Level 10:
    Level 11:
    Level 12:
    Level 13:
 The Quest: levels 1 to 6
    Level 1:
       A temple and an altar to Anu.
       Completed quest for Shaman Karnov.
    Level 2:
    Level 3:
    Level 4:
    Level 5:
    Level 6:
 Sokoban: levels 8 up to 5
    Level 5:
       Solved.
    Level 6:
       Solved.
    Level 7:
       Solved.
    Level 8:
       Solved.
 Fort Ludios:
    Level 1:
 Vlad's Tower: levels 37 up to 35
    Level 35:
    Level 36:
    Level 37:


Vanquished creatures:
    Asmodeus
    Baalzebub
    Orcus
    Yeenoghu
    Juiblex
the Wizard of Yendor (5 times)
    Death
    Vlad the Impaler
  a high cleric
  2 mastodons
    Medusa
    Croesus
  8 krakens
  5 iron golems
  a ki-rin
  4 storm giants
  5 balrogs
the Chromatic Dragon
  2 purple worms
  2 gray dragons
  3 gold dragons
  2 silver dragons
  7 red dragons
  7 white dragons
  4 orange dragons
  3 black dragons
  2 blue dragons
  4 green dragons
  3 yellow dragons
 23 minotaurs
  4 jabberwocks
  7 baluchitheria
 an Angel
 an Olog-hai
  2 Nazgul
  7 pit fiends
  a sandestin
 11 hell hounds
  4 displacer beasts
  6 titanotheres
  3 trappers
  2 baby red dragons
  4 baby yellow dragons
  4 genetic engineers
 28 vampire leaders
  8 skeletons
  9 aligned clerics
  6 captains
  6 shades
  4 nurses
  5 ice devils
  7 nalfeshnees
  3 lurkers above
  7 frost giants
  6 ettins
  3 black puddings
 32 vampires
  7 lieutenants
 30 ghosts
  4 queen bees
  6 winged gargoyles
  8 giant mimics
  2 long worms
  3 zruties
  3 fire giants
 13 ogre tyrants
  9 ice trolls
  2 rock trolls
  8 umber hulks
  3 flesh golems
  7 elven monarchs
  6 hezrous
 14 bone devils
  8 large mimics
  8 fire vortices
  a couatl
  7 stalkers
  6 air elementals
  2 fire elementals
 11 earth elementals
 11 water elementals
 42 hill giants
  5 giant mummies
  2 black nagas
 18 xorns
 11 giant zombies
 14 elf-nobles
 17 sergeants
  2 erinyes
 15 barbed devils
 15 vrocks
  8 salamanders
 17 wargs
  2 winter wolves
  6 hell hound pups
 11 small mimics
  3 glass piercers
  6 warhorses
 10 steam vortices
 11 xans
  6 ettin mummies
 10 ogre leaders
 12 quantum mechanics
 10 trolls
  2 wood golems
 12 mariliths
  a djinni
  7 sharks
  5 electric eels
  6 gelatinous cubes
  5 pyrolisks
  2 freezing spheres
 15 flaming spheres
  a shocking sphere
  a large cat
  9 tigers
  9 gargoyles
  a dwarf ruler
  3 tengu
  6 ochre jellies
  9 leocrottas
  3 energy vortices
  4 mountain centaurs
  3 stone giants
  5 elf mummies
  3 human mummies
 12 red nagas
  5 pythons
  6 pit vipers
 11 cobras
 55 wraiths
  5 carnivorous apes
 18 ettin zombies
  a leather golem
  9 Grey-elves
121 soldiers
  8 amorous demons
 10 horned devils
  6 chameleons
  2 crocodiles
 39 giant beetles
  2 quivering blobs
  8 cockatrices
  6 wolves
  3 winter wolf cubs
  3 lynxes
  6 panthers
  4 gremlins
  a spotted jelly
 29 leprechauns
  3 orc-captains
  6 iron piercers
  3 mumakil
  9 giant spiders
  a scorpion
  5 horses
 an ice vortex
  6 black lights
  6 vampire bats
 10 forest centaurs
  8 gnome rulers
  4 orc mummies
  5 dwarf mummies
  2 ogres
  3 brown puddings
  7 owlbears
  3 yetis
  3 gold golems
  a werewolf
 10 Green-elves
  5 piranha
 19 giant eels
  5 lizards
 12 chickatrices
  3 dingoes
  4 housecats
  3 jaguars
  2 dwarf leaders
  3 blue jellies
  a gray unicorn
  2 black unicorns
  6 dust vortices
 10 ravens
  7 plains centaurs
  3 gnome mummies
  8 snakes
 15 apes
 23 human zombies
  3 rope golems
 13 Woodland-elves
 53 soldier ants
 26 fire ants
 22 bugbears
 an imp
  5 quasits
  3 wood nymphs
  3 water nymphs
 10 Mordor orcs
  3 Uruk-hai
  2 orc shamans
 10 rock piercers
  5 ponies
  5 fog clouds
 10 yellow lights
  5 shriekers
  5 violet fungi
 20 gnome leaders
 11 gnomish wizards
  3 kobold mummies
  a red naga hatchling
  a black naga hatchling
  6 gray oozes
  3 barrow wights
 12 elf zombies
  9 ghouls
  4 straw golems
  5 paper golems
  4 jellyfish
 51 giant ants
  a little dog
  5 floating eyes
  2 kittens
 11 dwarves
  3 homunculi
  2 kobold leaders
  4 kobold shamans
 28 hill orcs
  6 rothes
  a rabid rat
  a centipede
  2 giant bats
  2 monkeys
 13 orc zombies
 18 dwarf zombies
  a wererat
  2 werejackals
  8 iguanas
 94 killer bees
  2 acid blobs
  7 coyotes
  a gas spore
  2 hobbits
 15 manes
  4 large kobolds
 34 hobgoblins
  4 giant rats
  5 cave spiders
  a green mold
  4 red molds
 77 gnomes
 14 garter snakes
 12 gnome zombies
  6 geckos
  2 foxes
  3 kobolds
  8 goblins
  2 sewer rats
 12 grid bugs
  3 bats
  6 lichens
 13 kobold zombies
  9 newts
2189 creatures vanquished.

Genocided or extinct species:
 arch-liches
 master liches
 demiliches
 master mind flayers
 disenchanters
 liches
 mind flayers
 erinyes (extinct)
 dwarf rulers
 soldiers (extinct)
 rust monsters
 dwarf leaders
 bugbears
 dwarves
 hobbits
13 species genocided.
2 species extinct.

Goodbye BaeHund the Demigod...

You went to your reward with 2670414 points,
Demonbane (worth 2500 zorkmids and 6250 points)
The Bell of Opening (worth 5000 zorkmids and 12500 points)
The Candelabrum of Invocation (worth 5000 zorkmids and 12500 points)
The Book of the Dead (worth 10000 zorkmids and 25000 points)
The Sceptre of Might (worth 2500 zorkmids and 6250 points)
Trollsbane (worth 200 zorkmids and 500 points)
       4 black opals (worth 10000 zorkmids),
       3 sapphires (worth 9000 zorkmids),
       3 amethyst stones (worth 1800 zorkmids),
       1 topaz stone (worth 900 zorkmids),
       1 jade stone (worth 300 zorkmids),
       2 amulets of life saving (worth 300 zorkmids),
       1 amulet of magical breathing (worth 150 zorkmids),
and 2 pieces of gold, after 31746 moves.
You were level 19 with a maximum of 229 hit points when you ascended.

